 Dungeon Crawl Stone Soup version 0.27.1-37-g7b29ead8ac (webtiles) character file.

Game seed: 10866657866665265353

483238 AarnesTheHuman the Brawler (level 23, 254/254 HPs)
             Began as a Troll Fighter on Oct 29, 2022.
             Was the Champion of Ru.
             Got out of the dungeon
             ... with 2 runes on Mar 30, 2023!
             The game lasted 02:46:07 (57605 turns).

AarnesTheHuman the Brawler (Troll Fighter)         Turns: 57605, Time: 02:46:07

Health: 254/254    AC: 17    Str: 35    XL:     23   Next: 74%
Magic:  22/22      EV:  8    Int: 11    God:    Ru [******]
Gold:   4337       SH: 30    Dex: 16    Spells: 22/22 levels left

rFire    + + .     SeeInvis +     - Unarmed
rCold    . . .     Faith    .   G - +8 tower shield
rNeg     + + .     Spirit   .   X - +6 acid dragon scales of Kaczuelez {+Inv rPois rN++ rCorr Str-2}
rPois    +         Reflect  .   V - +0 hat of Uttuul {rF+ Dex+6}
rElec    +         Harm     .   H - +2 cloak {Will+}
rCorr    +         Rampage  .   (gloves unavailable)
Will     ++...                  (boots unavailable)
Stlth    +.........             Q - amulet of regeneration
HPRegen  2.52/turn              j - ring of see invisible
MPRegen  0.18/turn              n - ring "Jyosh" {rElec rF+ Str+6 Int+4}

@: no status effects
A: large, unfitting armour, claws 3, regeneration 1, shaggy fur 1, tough skin 1,
weak 1, inability to read while threatened, inability to train dodging,
inability to train armour, no conjurations magic, no earth magic, no
transmutations magic
}: 2/15 runes: decaying, gossamer
a: Renounce Religion, Evoke Invisibility, Draw Out Power, Power Leap, Apocalypse


You escaped.
You worshipped Ru.
Ru was exalted by your worship.
You visited 8 branches of the dungeon, and saw 40 of its levels.
You visited 1 bazaar.
You also visited: Bailey, Gauntlet and Wizlab.

You collected 4782 gold pieces.
You spent 445 gold pieces at shops.

Inventory:

Missiles
 k - 5 throwing nets
 v - 117 poisoned darts
 D - 15 boomerangs (quivered)
 E - 44 large rocks
 M - 5 silver javelins
 W - 7 javelins
Armour
 G - a +8 tower shield (worn)
 H - a +2 cloak of willpower (worn)
 V - the +0 hat of Uttuul (worn) {rF+ Dex+6}
   (You found it in a Gauntlet)

   Dex:       It affects your dexterity (+6).
   rF:        It protects you from fire.
 X - the +6 acid dragon scales of Kaczuelez (worn) {+Inv rPois rN++ rCorr Str-2}
   (You took it off a minotaur in a Gauntlet)

   Str:       It affects your strength (-2).
   rPois:     It protects you from poison.
   rN:        It greatly protects you from negative energy.
   +Inv:      It lets you turn invisible.
   rCorr:     It protects you from acid and corrosion.
Jewellery
 d - a ring of protection from cold
 i - a ring of protection from fire
 j - a ring of see invisible (left claw)
 n - the ring "Jyosh" (right claw) {rElec rF+ Str+6 Int+4}
   (You found it on level 2 of the Vaults)

   [ring of strength]

   Str:       It affects your strength (+6).
   Int:       It affects your intelligence (+4).
   rF:        It protects you from fire.
   rElec:     It insulates you from electricity.
 t - a +4 ring of slaying
 y - a ring of willpower
 B - a ring of flight
 I - a ring of willpower
 N - a ring of ice
 Q - an amulet of regeneration (around neck)
Wands
 g - a wand of iceblast (49)
 p - a wand of acid (14)
 x - a wand of flame (81)
 R - a wand of paralysis (48)
 Z - a wand of digging (12)
Scrolls
 b - 5 scrolls of summoning
 e - 2 scrolls of identify
 f - 12 scrolls of fog
 s - a scroll of magic mapping
 u - 11 scrolls of teleportation
 w - 5 scrolls of fear
 A - a scroll of enchant armour
 C - a scroll of amnesia
 O - 8 scrolls of blinking
 P - 6 scrolls of holy word
 S - a scroll of acquirement
 U - a scroll of silence
Potions
 a - 4 potions of cancellation
 c - 4 potions of might
 h - 11 potions of heal wounds
 l - 7 potions of brilliance
 m - 7 potions of haste
 o - 8 potions of lignification
 q - 4 potions of attraction
 r - 9 potions of flight
 z - a potion of ambrosia
 F - 4 potions of magic
 K - 9 potions of curing
 L - 6 potions of mutation
 T - a potion of resistance
Miscellaneous
 J - a phantom mirror


   Skills:
 + Level 19.9 Fighting
 + Level 20.1 Throwing
 - Level 14.0 Shields
 + Level 20.4 Unarmed Combat


You had 22 spell levels left.
You didn't know any spells.
Your spell library contained the following spells:

 Spells                   Type           Power      Damage    Failure   Level
 Animate Skeleton         Necr           0%         N/A       45%         1
 Apportation              Tloc           0%         N/A       45%         1
 Corona                   Hex            0%         N/A       45%         1
 Pain                     Necr           0%         1d4       45%         1
 Summon Small Mammal      Summ           0%         N/A       45%         1
 Blink                    Tloc           N/A        N/A       61%         2
 Corpse Rot               Necr/Air       N/A        N/A       61%         2
 Poisonous Vapours        Pois/Air       0%         N/A       61%         2
 Sublimation of Blood     Necr           0%         N/A       61%         2
 Call Canine Familiar     Summ           0%         N/A       83%         3
 Gell's Gravitas          Tloc           0%         N/A       83%         3
 Inner Flame              Hex/Fire       0%         N/A       83%         3
 Lesser Beckoning         Tloc           0%         N/A       83%         3
 Portal Projectile        Hex/Tloc       0%         N/A       83%         3
 Summon Guardian Golem    Hex/Summ       0%         N/A       83%         3
 Teleport Other           Tloc           0%         N/A       83%         3
 Vampiric Draining        Necr           0%         2d6       83%         3
 Cause Fear               Hex            0%         N/A       99%         4
 Olgreb's Toxic Radiance  Pois           0%         N/A       99%         4
 Passage of Golubria      Tloc           N/A        N/A       99%         4
 Summon Ice Beast         Ice/Summ       0%         N/A       99%         4
 Manifold Assault         Tloc           0%         N/A       100%        5
 Silence                  Hex/Air        0%         N/A       100%        5
 Dispersal                Tloc           0%         N/A       100%        6
 Simulacrum               Ice/Necr       0%         N/A       100%        6
 Ozocubu's Refrigeration  Ice            0%         4d5       100%        7
 Discord                  Hex            0%         N/A       100%        8
 Disjunction              Tloc           0%         N/A       100%        8
 Ignition                 Fire           0%         3d3       100%        8
 Polar Vortex             Ice            0%         N/A       100%        9
 Foxfire                  Conj/Fire      Unusable   2x1d4     N/A         1
 Conjure Flame            Conj/Fire      Unusable   6-21      N/A         3
 Animate Armour           Summ/Erth      Unusable   N/A       N/A         4
 Leda's Liquefaction      Hex/Erth       Unusable   N/A       N/A         4
 Petrify                  Tmut/Erth      Unusable   N/A       N/A         4
 Freezing Cloud           Conj/Ice/Air   Unusable   6-21      N/A         5
 Irradiate                Conj/Tmut      Unusable   3d13      N/A         5
 Lehudib's Crystal Spear  Conj/Erth      Unusable   10d2      N/A         8

Dungeon Overview and Level Annotations

Branches:
Dungeon (15/15)            Temple (1/1) D:4            Lair (6/6) D:10
  Swamp (4/4) Lair:2       Spider (4/4) Lair:4        Slime (0/5) Lair:5
    Orc (2/2) D:11            Elf (0/3) Orc:2        Vaults (4/5) D:13
  Crypt (0/3) Vaults:3     Depths (4/5) D:15         Bailey (visited)
 WizLab (visited)         Gauntlet (visited)

Altars:
Ashenzari
Cheibriados
Dithmenos
Elyvilon
Fedhas
Gozag
Hepliaklqana
Kikubaaqudgha
Makhleb
Nemelex Xobeh
Okawaru
Qazlal
Ru
Sif Muna
Trog
Uskayaw
Vehumet
Wu Jian
Xom
Yredelemnul
Zin
The Shining One
Beogh
Jiyva

Shops:
D:15 !   Orc:2 *=*[([*(*   Vaults:1 *   Depths:1 :

Portals:
Hell: Depths:1 Depths:2 Depths:3
Abyss: Depths:1 Depths:2
Pandemonium: Depths:3
Ziggurat: Depths:2
Trove: Vaults:2 (give 4 potions of resistance)

Annotations:
D:4 3 runed translucent doors, exclusion: 3 doors, Sapher's ghost, weakling BaTm; peterlawrence's ghost, amateur MiFi
D:9 2 transporters, exclusion: door, Delamore's ghost, novice OpBr
Swamp:4 3 runed translucent doors, exclusion: 3 doors, Xomammic's ghost, adept MfIE; Zoigrime's ghost, adept FoFi; xzight's ghost, adept MiBe
Spider:3 exclusion: downstairs
Orc:1 1 runed translucent door, exclusion: door, Yqiyshri's ghost, journeyman TrAK


Innate Abilities, Weirdness & Mutations

You are too large for most types of armour.
You have claws for hands.
Your natural rate of healing is unusually fast.
You are covered in fur. (AC +1)
You have tough skin. (AC +1)
You are weak. (Str -2)
You sometimes lose the ability to read scrolls when taking damage.
You cannot train Dodging skill.
You cannot train Armour skill.
You cannot study or cast Conjurations magic.
You cannot study or cast Earth magic.
You cannot study or cast Transmutations magic.


Message History

You climb upwards.
There is a stone staircase leading down here.
There is a stone staircase leading up here.
You climb upwards.
Level annotation: 2 transporters, exclusion: door, Delamore's ghost, novice OpBr
There is a stone staircase leading down here.
There is a stone staircase leading up here.
You climb upwards.
There is a stone staircase leading down here.
There is a stone staircase leading up here.
You climb upwards.
There is a stone staircase leading down here.
There is a stone staircase leading up here.
You climb upwards.
There is a stone staircase leading down here.
You see here a +0 scale mail.
There is a stone staircase leading up here.
You climb upwards.
There is a stone staircase leading down here.
There is an open door here.
There is a stone staircase leading up here.
You climb upwards.
Level annotation: 3 runed translucent doors, exclusion: 3 doors, Sapher's ghost, weakling BaTm; peterlawrence's ghost, amateur MiFi
There is a stone staircase leading down here.
There is an open door here.
Peterlawrence's ghost turns its malevolent gaze towards you.
Things that are here:
a +0 scale mail; a +0 vorpal flail
There is a stone staircase leading up here.
You climb upwards.
There is a stone staircase leading down here.
There is a stone staircase leading up here.
You climb upwards.
There is a stone staircase leading down here.
There is a stone staircase leading up here.
You climb upwards.
There is a stone staircase leading down here.
There is a staircase leading out of the dungeon here.
Are you sure you want to leave the Dungeon?
This will make you lose the game!
You have escaped!

.......#....#.#.....#.........#..
..............#.....#.........#..
)................................
........########.####........##..
...##...## ##≈#.#≈#######...#...
.........# ##≈P...P≈######...#...
.........# #≈P8P.P8P≈#.......#...
.........# ##≈P...P≈##...........
.........# ##≈♣.@..≈##...........
.........###≈♣8♣≈.8.≈#...........
...........##≈♣≈≈≈.≈##...........
...........###≈#.#≈###....###....
...........#####.### ###'####....
.............##..#######.........
###................##............
##................##............
#..............)..##............


There were no monsters in sight!

Vanquished Creatures
  Mara (Depths:1)
  the Lernaean hydra (Swamp:4)
  3 royal mummies (Depths:3)
  A golden dragon (Depths:4)
  Nikola (Depths:3)
  Jorgrun (Spider:3)
  2 tentacled monstrosities
  A titan (Vaults:3)
  3 tengu reavers
  A storm dragon (Depths:1)
  A sphinx (Vaults:3)
  3 shadow dragons
  2 fenstrider witches (Swamp:3)
  2 frost giants (Depths:2)
  8 fire giants
  An iron dragon (Depths:2)
  23 vault wardens
  A balrug (Depths:1)
  3 orc warlords
  2 ghost moths
  5 emperor scorpions
  Aizul (Spider:4)
  14 ironbound preservers
  3 war gargoyles
  16 very ugly things
  3 stone giants
  2 vampire knights
  A juggernaut skeleton (Depths:1)
  A deep elf demonologist (Depths:2)
  9 dire elephants
  2 spark wasps (Spider:4)
  4 entropy weavers
  A minotaur (Gauntlet)
  4 bunyips
  An orange crystal statue (WizLab)
  An eleionoma (Swamp:3)
  10 ettins
  Josephine (D:11)
  2 great orbs of eyes
  2 mummy priests (Depths:3)
  Fannar (Lair:3)
  3 jiangshi (Depths:2)
  A crystal guardian (Vaults:3)
  8 yaktaur captains
  4 fire dragons
  Harold (D:7)
  3 rakshasas
  20 hydras
  4 peacekeepers
  An ogre mage (Orc:1)
  A ghost crab (Swamp:1)
  A spriggan air mage (Depths:2)
  12 boulder beetles
  15 vault guards
  8 ironbound frosthearts
  9 ironbound thunderhulks
  3 ice dragons
  12 centaur warriors
  4 catoblepae
  3 merfolk avatars (Swamp:4)
  4 alligators
  A death knight (D:15)
  8 tengu warriors
  A two-headed ogre (Orc:2)
  3 orc high priests
  8 death scarabs (Spider:4)
  21 death yaks
  8 deep troll shamans
  9 ironbound beastmasters
  5 vampire magi
  12 deep troll earth magi
  A hell knight (Depths:1)
  3 spriggan berserkers
  A hell hog (Depths:1)
  2 soul eaters (Depths:1)
  Nergalle (D:10)
  A spark wasp zombie (Depths:1)
  A golden dragon zombie (Depths:2)
  6 iron trolls
  A fire crab (D:9)
  2 salamander mystics (Depths:1)
  61 deep trolls
  4 goliath frogs
  9 spriggan druids
  10 swamp dragons
  2 flayed ghosts
  4 glowing orange brains
  A torturous demonspawn (Depths:3)
  7 spectral wolf spiders
  18 bog bodies
  4 wolf spider zombies
  10 orb spiders
  8 wizards
  13 orc knights
  A harpy (shapeshifter) (Vaults:2)
  5 necromancers
  21 ironbound convokers
  30 ugly things
  8 lindwurms
  17 wolf spiders
  2 deep elf pyromancers
  7 salamanders
  A fire giant zombie (Depths:2)
  A phantasmal warrior (Vaults:3)
  3 orc sorcerers
  4 moths of wrath (Spider:4)
  5 will-o-the-wisps
  A frost giant zombie (Vaults:2)
  7 cyclopes
  12 elephants
  7 manticores
  A manticore (shapeshifter) (Depths:2)
  2 stone giant skeletons
  An eye of devastation (Gauntlet)
  14 vault sentinels
  7 black mambas
  An elephant (shapeshifter) (Gauntlet)
  An apocalypse crab (Gauntlet)
  A torpor snail (Lair:5)
  A gargoyle (D:12)
  A spectral redback (Spider:4)
  7 komodo dragons
  A human zombie (Vaults:2)
  An unseen horror (D:7)
  10 cane toads
  4 redback zombies (Spider:4)
  3 rime drakes
  38 yaktaurs
  An efreet (D:14)
  3 freezing wraiths (D:15)
  A kobold demonologist (D:10)
  7 demonic crawlers
  6 tengu conjurers
  A bloated husk (Swamp:4)
  35 jumping spiders
  7 trolls
  7 wolf spider simulacra (Spider:1)
  17 hornets
  3 meliai
  A meliai (shapeshifter) (Depths:2)
  A queen bee (shapeshifter) (D:9)
  A troll (shapeshifter) (D:14)
  6 polar bears
  8 tyrant leeches
  3 spectral jumping spiders (Spider:4)
  A tengu simulacrum (Depths:2)
  A deep troll zombie (Depths:1)
  25 slime creatures
  4 blink frogs (Lair:5)
  2 spectral tarantellas (Spider:4)
  A slime creature (shapeshifter) (Gauntlet)
  11 dream sheep
  A shadow dragon simulacrum (Depths:2)
  2 tarantella zombies (Spider:4)
  3 jumping spider zombies (Spider:4)
  7 water elementals
  16 tarantellas
  Sigmund (D:6)
  2 shadows
  7 wraiths
  48 redbacks
  21 spriggans
  A vampire (D:13)
  An ettin skeleton (Depths:2)
  38 yaks
  A golden eye (Gauntlet)
  A redback (shapeshifter) (Depths:2)
  4 basilisks
  4 fire bats (D:8)
  3 large abominations (Depths:2)
  A neqoxec (Depths:3)
  21 vampire mosquitoes
  3 chaos spawn (Depths:2)
  A steam dragon (D:8)
  An ogre zombie (Vaults:2)
  17 swamp worms
  2 wargs (Orc:1)
  A hell hound (D:8)
  24 water moccasins
  A floating eye (Depths:2)
  A floating eye (shapeshifter) (D:15)
  A spectral hornet (Spider:4)
  9 swamp drakes
  4 sky beasts
  49 orc warriors
  An ice beast (D:8)
  4 black bears
  3 necrophages (D:7)
  8 small abominations (Depths:2)
  6 ogres
  24 wolves
  8 centaurs
  3 phantoms
  An elf simulacrum (Depths:1)
  13 bullfrogs
  2 gnoll sergeants
  A scorpion (D:5)
  A glowing shapeshifter simulacrum (Vaults:2)
  A water moccasin zombie (D:7)
  A wyvern zombie (D:7)
  2 water moccasin skeletons
  10 killer bees
  3 wights (D:8)
  4 electric eels
  5 howler monkeys
  2 lava snakes (D:8)
  2 centaur skeletons
  A jelly (D:7)
  A bullfrog skeleton (D:6)
  4 centaur zombies
  21 orc priests
  A gnoll shaman (D:8)
  Natasha (twice) (D:2)
  Terence (D:2)
  2 iguanas (D:7)
  17 orc wizards
  A hound skeleton (D:4)
  A hound zombie (D:4)
  A howler monkey zombie (D:10)
  5 adders
  24 gnolls
  A howler monkey skeleton (D:7)
  A white imp (D:7)
  An ufetubus (D:5)
  An adder skeleton (D:4)
  A worm (D:5)
  A dart slug (D:2)
  118 orcs
  An endoplasm (D:1)
  3 giant cockroaches
  23 goblins
  16 hobgoblins
  3 jackals
  6 quokkas
  12 ball pythons
  3 bats (D:1)
  2 frilled lizards
  8 kobolds
  4 rats
  A fire vortex (D:8)
1577 creatures vanquished.

Vanquished Creatures (collateral kills)
  Donald (Spider:3)
  Snorg (Lair:3)
  A goliath frog (Swamp:2)
  A swamp dragon (Swamp:2)
  A spectral wolf spider (Spider:4)
  A wolf spider (Spider:4)
  A redback (Spider:4)
  A tarantella (Spider:4)
  A bullfrog (Lair:3)
9 creatures vanquished.

Vanquished Creatures (others)
  A fire giant (Depths:3)
  A reaper (Depths:3)
  3 ironbound preservers
  A very ugly thing (Depths:1)
  A stone giant (Depths:1)
  A bunyip (Swamp:4)
  A dire elephant (D:15)
  A yaktaur captain (Vaults:3)
  A deep troll (Depths:2)
  An ironbound convoker (Vaults:3)
  A phantasmal warrior (Vaults:3)
  A wizard (Vaults:3)
  A lindwurm (Vaults:3)
  An ugly thing (Vaults:4)
  A wolf spider (Spider:1)
  An elephant (Lair:6)
  A vault sentinel (Vaults:2)
  An orange demon (Depths:3)
  An unseen horror (Depths:2)
  A cane toad (Lair:4)
  2 yaktaurs
  3 jumping spiders
  3 bloated husks
  A dream sheep (Lair:3)
  2 redbacks
  A tarantella (Spider:4)
  A vampire mosquito (D:11)
  3 swamp worms
  2 orcs
  2 fire vortices (D:8)
  22 foxfires
  53 fungi
  63 plants
  4 toadstools (D:1)
  2 withered plants (Swamp:4)
186 creatures vanquished.

Grand Total: 1772 creatures vanquished

Notes
Turn   | Place    | Note
-------+----------+-------------------------------------------
     0 | D:1      | AarnesTheHuman the Troll Fighter began the quest for the
                  | Orb.
     0 | D:1      | Reached XP level 1. HP: 22/22 MP: 0/0
   274 | D:1      | Reached XP level 2. HP: 29/29 MP: 1/1
   465 | D:1      | Found a faded altar of an unknown god.
   761 | D:2      | Noticed Natasha
   765 | D:2      | Killed Natasha
   766 | D:2      | Reached XP level 3. HP: 34/36 MP: 2/2
   869 | D:2      | Noticed Terence
   876 | D:2      | Killed Terence
   877 | D:2      | Reached XP level 4. HP: 41/45 MP: 3/3
  1177 | D:2      | Noticed Natasha
  1190 | D:2      | Killed Natasha
  1337 | D:2      | Reached XP level 5. HP: 53/53 MP: 4/4
  2213 | D:4      | Noticed peterlawrence's ghost (amateur MiFi)
  2213 | D:4      | Noticed Sapher's ghost (weakling BaTm)
  2213 | D:4      | Found a runed translucent gate.
  2213 | D:4      | Found a runed translucent gate.
  2213 | D:4      | Found a runed translucent gate.
  2237 | D:4      | Noticed a black bear
  2250 | D:4      | Killed a black bear
  2288 | D:4      | Noticed a phantom
  2319 | D:3      | Killed a phantom
  2320 | D:3      | Reached XP level 6. HP: 46/62 MP: 5/5
  2555 | D:4      | Found a staircase to the Ecumenical Temple.
  2568 | Temple   | Entered the Ecumenical Temple
  2888 | Temple   | Became a worshipper of Ru the Awakened
  3363 | D:5      | Entered Level 5 of the Dungeon
  3579 | D:5      | Reached XP level 7. HP: 68/68 MP: 6/6
  3596 | D:5      | You fall into a shaft and drop 3 floors!
  3650 | D:8      | Reached skill level 1 in Throwing
  3748 | D:8      | Noticed a fire bat
  3748 | D:8      | Noticed a fire bat
  3749 | D:8      | Noticed a fire bat
  3749 | D:8      | Noticed a fire bat
  3753 | D:8      | Killed a fire bat
  3761 | D:8      | Killed a fire bat
  3762 | D:8      | Reached XP level 8. HP: 27/79 MP: 7/7
  3763 | D:8      | Reached skill level 5 in Unarmed Combat
  3963 | D:8      | Found a basalt altar of Yredelemnul.
  4055 | D:8      | Gained mutation: You cannot study or cast Earth magic. [Ru
                  | sacrifice]
  4055 | D:8      | Gained mutation: You cannot study or cast Transmutations
                  | magic. [Ru sacrifice]
  4055 | D:8      | Gained mutation: You cannot study or cast Conjurations
                  | magic. [Ru sacrifice]
  4055 | D:8      | Reached * piety under Ru
  4067 | D:8      | Reached skill level 5 in Fighting
  4134 | D:7      | Reached skill level 5 in Dodging
  4134 | D:7      | Reached skill level 5 in Shields
  4262 | D:6      | Found a stormy altar of Qazlal.
  4353 | D:5      | Reached XP level 9. HP: 85/88 MP: 8/8
  4679 | D:6      | Noticed Sigmund
  4703 | D:6      | Killed Sigmund
  5336 | D:7      | Identified the +5 scale mail of Vumnac {Str+4 Slay+3}
  5551 | D:7      | Noticed Harold
  5560 | D:7      | Killed Harold
  6083 | D:7      | Reached XP level 10. HP: 100/100 MP: 9/9
  6181 | D:7      | Identified the +2 pair of gloves "Coatz" {Harm rElec SInv
                  | Stlth+}
  6753 | D:9      | Found a transporter.
  6755 | D:9      | Noticed Delamore's ghost (novice OpBr)
  6757 | D:9      | Noticed a spectral centaur warrior
  6775 | D:9      | Found a transporter.
  6796 | D:9      | Noticed a cyclops
  6796 | D:9      | Noticed a catoblepas
  6803 | D:9      | Killed a cyclops
  7045 | D:9      | Killed a catoblepas
  7309 | D:9      | Reached skill level 10 in Unarmed Combat
  7661 | D:9      | Noticed a rakshasa
  7661 | D:9      | Noticed a boulder beetle
  7662 | D:9      | Noticed a centaur warrior
  7671 | D:9      | Killed a boulder beetle
  7672 | D:9      | Reached XP level 11. HP: 115/115 MP: 8/10
  7674 | D:9      | Noticed a deep elf pyromancer
  7675 | D:9      | Noticed a deep elf pyromancer
  7684 | D:9      | Killed a centaur warrior
  7688 | D:9      | Killed a rakshasa
  7689 | D:9      | Reached skill level 10 in Fighting
  7704 | D:9      | Killed a deep elf pyromancer
  7704 | D:9      | HP: 5/117 [burnt (7)]
  7888 | D:9      | Noticed a fire crab
  7889 | D:9      | Noticed a boulder beetle
  7892 | D:9      | Killed a fire crab
  7899 | D:9      | Killed a boulder beetle
  7976 | D:9      | Noticed a boulder beetle
  8029 | D:10     | Entered Level 10 of the Dungeon
  8069 | D:10     | Found a blossoming altar of Fedhas.
  8069 | D:10     | Found a white marble altar of Elyvilon.
  8465 | D:10     | Noticed a death yak
  8465 | D:10     | Noticed a death yak
  8550 | D:9      | Killed a death yak
  8551 | D:9      | Reached skill level 5 in Throwing
  8615 | D:10     | Killed a death yak
  8684 | D:10     | Noticed a death yak
  8693 | D:10     | Identified the +9 war axe of Discord {protect, *Slow +Rage
                  | rElec rPois}
  9047 | D:10     | Found a staircase to the Lair.
  9475 | D:10     | Found a staircase to the Lair.
  9575 | D:10     | Killed a death yak
 10029 | Lair:1   | Entered Level 1 of the Lair of Beasts
 10060 | D:10     | Gained mutation: You are weak. (Str -2) [Ru sacrifice]
 10060 | D:10     | Reached ** piety under Ru
 10219 | Lair:1   | Reached XP level 12. HP: 119/128 MP: 8/11
 10455 | Lair:1   | Noticed a four-headed hydra
 10463 | Lair:1   | Killed a four-headed hydra
 11691 | Lair:2   | Reached skill level 10 in Throwing
 11851 | Lair:2   | Found a staircase to the Swamp.
 12215 | Lair:3   | Reached skill level 1 in Armour
 12402 | Lair:3   | Noticed a death yak
 12403 | Lair:3   | Noticed a death yak
 12403 | Lair:3   | Noticed a death yak
 12403 | Lair:3   | Noticed a death yak
 12404 | Lair:3   | Noticed a death yak
 12404 | Lair:3   | Noticed a death yak
 12432 | Lair:2   | Killed a death yak
 12472 | Lair:2   | Killed a death yak
 12475 | Lair:2   | Killed a death yak
 12576 | Lair:2   | Killed a death yak
 12663 | Lair:3   | Killed a death yak
 12706 | Lair:3   | Reached XP level 13. HP: 112/135 MP: 9/12
 13594 | Lair:3   | Gained mutation: You sometimes lose the ability to read
                  | scrolls when taking damage. [Ru sacrifice]
 13594 | Lair:3   | Reached *** piety under Ru
 13616 | Lair:3   | Noticed Fannar
 13635 | Lair:3   | Killed Fannar
 14207 | Lair:4   | Identified the +0 helmet of the Carpenter {Str+2 Int+4}
 14822 | Lair:4   | Noticed Snorg
 14953 | Lair:3   | Killed Snorg
 15087 | Lair:4   | Found a hole to the Spider Nest.
 16546 | Lair:5   | Found a viscous altar of Jiyva.
 16546 | Lair:5   | Found a staircase to the Slime Pits.
 16783 | Lair:5   | Identified the +1 scale mail "Jeiw Qyk" {Str+2}
 16809 | Lair:5   | HP: 2/137 [eight-headed hydra (10)]
 17612 | Lair:6   | Entered Level 6 of the Lair of Beasts
 17666 | Lair:5   | Reached XP level 14. HP: 125/146 MP: 9/13
 17709 | Lair:5   | Gained mutation: You cannot train Armour skill. [Ru
                  | sacrifice]
 17709 | Lair:5   | Reached **** piety under Ru
 17774 | Lair:6   | Found a gate leading to a gauntlet.
 17783 | Gauntlet | Entered a Gauntlet
 17783 | Gauntlet | Found a transporter.
 17783 | Gauntlet | Found a transporter.
 17818 | Gauntlet | Found a transporter.
 17818 | Gauntlet | Found a transporter.
 17827 | Gauntlet | Found a transporter.
 17846 | Gauntlet | Found a transporter.
 17856 | Gauntlet | Found a transporter.
 17856 | Gauntlet | Found a transporter.
 17860 | Gauntlet | Found a transporter.
 17889 | Gauntlet | Found a transporter.
 17896 | Gauntlet | Found a transporter.
 17914 | Gauntlet | Found a transporter.
 17959 | Gauntlet | Found a transporter.
 17975 | Gauntlet | Found a transporter.
 18077 | Gauntlet | Found a transporter.
 18093 | Gauntlet | Found the amulet of Vitality {Regen+ HP+15}
 18095 | Gauntlet | Found a transporter.
 18296 | Gauntlet | Identified the +0 hat of Uttuul {rF+ Dex+6}
 18309 | Gauntlet | Noticed an azure jelly
 18316 | Gauntlet | Noticed an emperor scorpion
 18316 | Gauntlet | an azure jelly changed into an emperor scorpion
 18326 | Gauntlet | Noticed a sphinx
 18326 | Gauntlet | an emperor scorpion changed into a sphinx
 18329 | Gauntlet | Noticed an azure jelly
 18329 | Gauntlet | a sphinx changed into an azure jelly
 18332 | Gauntlet | Noticed a fire giant
 18332 | Gauntlet | an azure jelly changed into a fire giant
 18338 | Gauntlet | a fire giant changed into a dire elephant
 18339 | Gauntlet | Noticed a golden dragon
 18339 | Gauntlet | a dire elephant changed into a golden dragon
 18342 | Gauntlet | Noticed a shadow dragon
 18342 | Gauntlet | a golden dragon changed into a shadow dragon
 18343 | Gauntlet | Noticed an acid blob
 18343 | Gauntlet | a shadow dragon changed into an acid blob
 18344 | Gauntlet | Noticed a golden dragon
 18344 | Gauntlet | an acid blob changed into a golden dragon
 18349 | Gauntlet | Noticed an iron giant
 18349 | Gauntlet | a golden dragon changed into an iron giant
 18360 | Gauntlet | Identified the +6 acid dragon scales of Kaczuelez {+Inv
                  | rPois rN++ rCorr Str-2}
 18362 | Gauntlet | Noticed an iron dragon
 18362 | Gauntlet | an iron giant changed into an iron dragon
 18364 | Gauntlet | Noticed a golden dragon
 18364 | Gauntlet | an iron dragon changed into a golden dragon
 18383 | Gauntlet | Noticed an acid blob
 18383 | Gauntlet | a golden dragon changed into an acid blob
 18405 | Gauntlet | Identified the +0 cloak of Experimentation {Str+3 Dex-4}
 20059 | D:11     | Noticed Nergalle
 20227 | D:10     | Killed Nergalle
 20228 | D:10     | Gained mutation: You cannot train Dodging skill. [Ru
                  | sacrifice]
 20228 | D:10     | Reached ***** piety under Ru
 20228 | D:10     | Reached ****** piety under Ru
 20259 | D:11     | Noticed Josephine
 20432 | D:11     | Killed Josephine
 20950 | D:11     | Found a staircase to the Orcish Mines.
 21259 | Orc:1    | Entered Level 1 of the Orcish Mines
 22087 | Orc:1    | Found a runed translucent door.
 22088 | Orc:1    | Noticed Yqiyshri's ghost (journeyman TrAK)
 22381 | Orc:2    | Entered Level 2 of the Orcish Mines
 22381 | Orc:2    | Found a staircase to the Elven Halls.
 22569 | Orc:2    | Found Rautt's Assorted Antiques.
 23016 | Orc:2    | Found Deuzauch's Armour Shop.
 23020 | Orc:2    | Found Hicuh's Jewellery Shoppe.
 23118 | Orc:2    | Found Kastuin's General Store.
 23160 | Orc:2    | Found Caph's General Store.
 23174 | Orc:2    | Reached XP level 15. HP: 147/156 MP: 12/14
 23396 | Orc:2    | Found Fopp's General Store.
 23492 | Orc:2    | Noticed an orc warlord
 23857 | Orc:2    | Killed an orc warlord
 23942 | Orc:2    | Found Surrov's Antique Weapon Boutique.
 23946 | Orc:2    | Found Juoxer's Antique Armour Shop.
 24052 | Orc:2    | Found Obifegie's Antique Weapon Boutique.
 25505 | D:13     | Found a flagged portal.
 25512 | D:13     | Found the +15 Maxwell's patent armour {-Cast -Tele rElec
                  | Will+ rCorr}
 25537 | Bailey   | Entered a bailey
 26201 | Bailey   | Noticed an orc warlord
 26205 | Bailey   | Killed an orc warlord
 26416 | D:13     | Acquired a manual of Shields
 26418 | D:13     | Reached skill level 10 in Shields
 26418 | D:13     | Reached XP level 16. HP: 155/155 MP: 15/15
 26701 | D:13     | Found a gate to the Vaults.
 27536 | D:14     | Identified the +0 chain mail of the Valley of Death {Int+5}
 28127 | D:15     | Entered Level 15 of the Dungeon
 28201 | D:15     | Found a shadowy altar of Dithmenos.
 28602 | D:15     | Found Ikkivoeg's Distillery.
 28607 | D:15     | Bought a potion of heal wounds for 70 gold pieces
 28607 | D:15     | Bought a potion of heal wounds for 70 gold pieces
 28782 | D:15     | Found a staircase to the Depths.
 29305 | Spider:1 | Entered Level 1 of the Spider Nest
 30402 | Spider:1 | Reached XP level 17. HP: 146/175 MP: 11/16
 32273 | Spider:3 | Noticed Jorgrun
 32366 | Spider:3 | Killed Jorgrun
 32367 | Spider:3 | Reached skill level 15 in Throwing
 32367 | Spider:3 | Reached skill level 15 in Unarmed Combat
 32881 | Spider:3 | Noticed Donald
 32894 | Spider:3 | Killed Donald
 32954 | Spider:3 | Acquired a manual of Unarmed Combat
 33248 | Spider:4 | Entered Level 4 of the Spider Nest
 33248 | Spider:4 | Noticed Aizul
 33270 | Spider:4 | Killed Aizul
 34657 | Orc:2    | Bought a ring of see invisible for 210 gold pieces
 35538 | Spider:4 | Reached XP level 18. HP: 165/189 MP: 8/17
 35593 | Spider:4 | Got a gossamer rune of Zot
 35875 | Swamp:1  | Entered Level 1 of the Swamp
 36097 | Swamp:1  | You are sucked into a shaft and drop 1 floor!
 38373 | Swamp:4  | Entered Level 4 of the Swamp
 40144 | Swamp:4  | Reached skill level 15 in Fighting
 41273 | Swamp:4  | Noticed the 27-headed Lernaean hydra
 41276 | Swamp:4  | Killed the 27-headed Lernaean hydra
 41283 | Swamp:4  | Got a decaying rune of Zot
 41319 | Swamp:4  | Found a runed translucent gate.
 41320 | Swamp:4  | Found a runed translucent gate.
 41321 | Swamp:4  | Found a runed translucent gate.
 41324 | Swamp:4  | Noticed Xomammic's ghost (adept MfIE)
 41324 | Swamp:4  | Noticed xzight's ghost (adept MiBe)
 41324 | Swamp:4  | Noticed Zoigrime's ghost (adept FoFi)
 41787 | Vaults:1 | Entered Level 1 of the Vaults
 41811 | Vaults:1 | Reached XP level 19. HP: 200/201 MP: 18/18
 42597 | Vaults:1 | Found Xixt's General Store.
 44390 | Vaults:2 | Reached XP level 20. HP: 218/218 MP: 19/19
 46159 | Vaults:2 | Identified the ring "Jyosh" {rElec rF+ Str+6 Int+4}
 46279 | Vaults:2 | Found a portal to a secret trove of treasure.
 46745 | Vaults:3 | Found a staircase to the Crypt.
 46812 | Vaults:3 | Identified the +10 hand axe "Kyklui" {vorpal, Dex+3}
 46964 | Vaults:3 | Found a magical portal.
 46979 | WizLab   | Entered Wucad Mu's Monastery
 47120 | WizLab   | Found the +9 staff of Wucad Mu {*channel}
 47174 | WizLab   | Reached XP level 21. HP: 231/231 MP: 20/20
 49270 | Vaults:3 | Found a staircase to the Crypt.
 49401 | Vaults:4 | Reached XP level 22. HP: 233/243 MP: 21/21
 49494 | Vaults:4 | Found a flickering gateway to a bazaar.
 49503 | Bazaar   | Entered a bazaar
 49509 | Bazaar   | Found Daczoej's Magic Scroll Shop.
 49518 | Bazaar   | Found Nuanimegu's Book Boutique.
 49519 | Bazaar   | Found Mettec's Jewellery Shoppe.
 49533 | Bazaar   | Found Wydaroejy's Distillery.
 49541 | Bazaar   | Found Nodaorr's Antique Weapon Emporium.
 49558 | Bazaar   | Bought a potion of heal wounds for 65 gold pieces
 49578 | Bazaar   | Bought a scroll of fog for 30 gold pieces
 52294 | Depths:1 | Entered Level 1 of the Depths
 52294 | Depths:1 | Noticed Mara
 52305 | Depths:1 | Killed Mara
 52702 | Depths:1 | Found a hide-covered altar of Uskayaw.
 52819 | Depths:1 | Found a one-way gate to the infinite horrors of the Abyss.
 52838 | Depths:1 | Found Hott's Book Boutique.
 52957 | Depths:1 | Found a runed translucent door.
 52959 | Depths:1 | Found a runed translucent door.
 53110 | Depths:1 | Identified the +5 ring mail of the Demon Prince {Will+
                  | Slay+2}
 53129 | Depths:1 | Found a runed translucent door.
 53130 | Depths:1 | Found a runed translucent door.
 53131 | Depths:1 | Found a runed translucent door.
 53390 | Depths:1 | Found a gateway to Hell.
 54233 | Depths:2 | Found the +6 Majin-Bo {vamp, MP+6 Int+6}
 54325 | Depths:2 | Reached XP level 23. HP: 252/252 MP: 22/22
 54538 | Depths:2 | Found a gateway to a ziggurat.
 54992 | Depths:2 | Got the Compendium of Glacial Earth
 55091 | Depths:2 | Identified the +0 plate armour "Ugiahequts" {rElec Str+4
                  | Stlth+}
 55179 | Depths:2 | Paralysed by a floating eye for 4 turns
 55214 | Depths:2 | Identified the +7 broad axe of Sifutec {vorpal, Contam
                  | Will++}
 56115 | Depths:3 | Noticed a royal mummy
 56121 | Depths:3 | Killed a royal mummy
 56250 | Depths:3 | Noticed a royal mummy
 56260 | Depths:3 | Killed a royal mummy
 56319 | Depths:3 | Noticed a royal mummy
 56326 | Depths:3 | Killed a royal mummy
 56391 | Depths:3 | Found the +7 sceptre of Torment {pain, torment}
 56519 | Depths:3 | Found a one-way gate leading to the halls of Pandemonium.
 56519 | Depths:3 | Noticed Nikola
 56533 | Depths:3 | Killed Nikola
 56986 | Depths:4 | Upgraded the game from 0.27.1-35-g4d5d836560 to
                  | 0.27.1-37-g7b29ead8ac
 57011 | Depths:4 | Found a shimmering altar of Xom.
 57012 | Depths:4 | Found a shimmering altar of Xom.
 57013 | Depths:4 | Found a shimmering altar of Xom.
 57013 | Depths:4 | Found a shimmering altar of Xom.
 57013 | Depths:4 | Found a shimmering altar of Xom.
 57014 | Depths:4 | Found a shimmering altar of Xom.
 57014 | Depths:4 | Found a shimmering altar of Xom.
 57015 | Depths:4 | Found a shimmering altar of Xom.
 57016 | Depths:4 | Found a shimmering altar of Xom.
 57605 | D:$      | Got out of the dungeon!

Illustrated notes

Levels and vault maps discovered:
D:1:      ldierk_walled_garden_2, layout_basic, ebering_ecumenical_altar_box
D:2:      minmay_wonky_spiral, layout_basic, uniq_terence, uniq_natasha
D:3:      layout_basic
D:4:      layout_basic, minmay_temple_entry_statues_fountains,
          gammafunk_ghost_cemetery, minmay_pentomino_pile
D:5:      layout_basic, nicolae_ossuary_entry_ruins
D:6:      layout_cave_pods, mainiacjoe_overflow_paths, uniq_sigmund
D:7:      minmay_octagon_keep, layout_loops_corners, minmay_increasing_density,
          uniq_harold
D:8:      layout_cave_pools, nicolae_overflow_crystal_walls,
          hangedman_incinerator
D:9:      minmay_sliced_demisemicircle, layout_basic, gammafunk_ghost_mausoleum
D:10:     layout_stronghold, chequers_temple_overflow_statue_of_worship,
          dpeg_lair_monsters
D:11:     layout_long_grid, david_orc_5, grunt_decor_mini_mirrors,
          uniq_nergalle, uniq_josephine
D:12:     layout_layer_cave, minivault_25
D:13:     layout_loops_ring, lightli_vaults_fourway_checkpoint, enter_bailey_5
D:14:     layout_cross
D:15:     hangedman_depths_entry_try_elsewhere_first, layout_irregular_city,
          grunt_dithmenos_smoke, serial_shops, shop,
          hangedman_abyss_or_decor_lesser_grid
Temple:   hc_temple_tempest_star
Lair:1:   kb_forest_paths, layout_long_grid, lemuel_fruit_fields
Lair:2:   layout_chaotic_city, nicolae_swamp_entry_splash_gauntlet,
          st_stairs_10, beast_lair_carwin_6, grunt_megastairs_2
Lair:3:   layout_long_grid, lemuel_fruit_fields, uniq_fannar
Lair:4:   layout_layer_cave, nicolae_spider_entry_orb_guardian,
          grunt_forest_small_clearing_treed, serial_bayou_shore_a,
          serial_bayou_shore_b, infiniplex_staircase_pool, uniq_snorg
Lair:5:   layout_cave_pods, slime_altar_1, grunt_megastairs_4
Lair:6:   grunt_lair_end_beastmaster, layout_regular_city,
          gauntlet_entry_generic, grunt_megastairs_1
Swamp:1:  layout_basic_swamp, nicolae_swamp_orc_logging_accident, swamp_pool1,
          nicolae_swamp_triple_paths, infiniplex_staircase_pool_2
Swamp:2:  layout_falls_marsh, evilmike_swamp_ruin_house_3, swamp_pool2,
          nicolae_swamp_hydra_murder_den
Swamp:3:  nicolae_swamp_standing_stones, layout_basic_swamp,
          evilmike_swamp_ruin_rubble_2, nicolae_swamp_spooky_pond
Swamp:4:  grunt_swamp_rune_castle, layout_basic_swamp, gammafunk_ghost_cemetery,
          grunt_lady_of_the_lake
Spider:1: layout_chambers, nicolae_spider_undead_wolf_pack
Spider:2: layout_spider_delve
Spider:3: layout_spider_delve, uniq_donald, uniq_jorgrun
Spider:4: floodkiller_spider_rune_tomb, uniq_aizul
Orc:1:    layout_diamond_mine, ebering_ghost_inner_flame, minmay_orc_temple_c
Orc:2:    grunt_orc_community_town_hall, layout_caves,
          grunt_orc_community_big_house_2, grunt_orc_community_big_house_2,
          grunt_orc_community_house_3, grunt_orc_community_house_2,
          grunt_orc_community_house_2, grunt_orc_community_house_3,
          serial_shops, shop, nicolae_diamond_shop, nicolae_diamond_shop, shop,
          shop, hangedman_feature_mirror
Vaults:1: hangedman_vaults_cutoff, ontoclasm_vaults_gateway,
          hangedman_vaults_variations, v_misc_15, grunt_vaults_twisty,
          grunt_vaults_trifunnel, nicolae_vaults_mini_display_case,
          nicolae_vaults_octagons, nicolae_vaults_twisting_passages, v_misc_17,
          layout_vaults_omnibox, serial_shops, nicolae_shop_behind_doors
Vaults:2: ontoclasm_vaults_ligature, nicolae_vaults_disjoint_gnomons,
          nicolae_vaults_network_periphery, vaults_mumra_chevron_long,
          grunt_vaults_funnel, vaults_room_pools, v_misc_14, vaults_dpeg_hooks,
          vaults_room_grunt_arrival_ludios, vaults_room_hangedman_quadrants,
          ontoclasm_vaults_chip, layout_vaults_chaotic_city, enter_trove_3
Vaults:3: vaults_room_boxed, nicolae_vaults_ring_of_whatevers, v_misc_3,
          nicolae_vaults_network_s, st_spiral_rooms, hangedman_vaults_trim,
          nicolae_vaults_network_star, vaults_standard_mumra_x,
          vaults_room_semicircle, minmay_crypt_entry_simple_corners, v_misc_16,
          nicolae_vaults_little_ls, ontoclasm_vaults_bender, layout_vaults_maze,
          mu_enter_wizlab_2
Vaults:4: vaults_dpeg_spiral, nicolae_vaults_little_squares_1,
          hangedman_vaults_slice, ontoclasm_vaults_spin,
          hangedman_vaults_capsules, vaults_dpeg_diagonal,
          vaults_room_semicircle, layout_vaults_quadrants, serial_shops,
          bzr_entry_islet
Depths:1: minmay_the_grid_triangle_9x9_recursive_3
          [minmay_the_grid_triangle_9x9_dagger,
          minmay_the_grid_triangle_9x9_windchime,
          minmay_the_grid_triangle_9x9_corrupted_corridor,
          minmay_the_grid_triangle_9x9_prize_special,
          minmay_the_grid_triangle_9x9_tough_junction,
          minmay_the_grid_triangle_9x9_cache,
          minmay_the_grid_triangle_9x9_fully_insulated_deathbox,
          minmay_the_grid_triangle_9x9_intruding_spiral,
          minmay_the_grid_triangle_9x9_from_above], layout_twisted_cross,
          hangedman_decor_clover_reticule, serial_shops, shop,
          abyss_entry_small_statue_room, hellmouth_1,
          nicolae_uskayaw_murder_on_the_dancefloor, uniq_mara
Depths:2: lemuel_troll_bridge, layout_basic, enter_ziggurat_e,
          minmay_room_of_horrors, hell_entry, minmay_swirly_circle
Depths:3: minmay_guarded_unrand_sceptre_of_torment, layout_gridlike,
          rand_demon_pan_entry_5, pf_coc_iceberg, uniq_nikola
Depths:4: four-leaf_vault, layout_cave_shapes, hell_entry, xom_redecorated,
          abyss_entry, pan_entry, biasface_ghost_demon_polymorph,
          roderic_lattice_octagonal_star

Skill      XL: |  1  2  3  4  5  6  7  8  9 10 11 12 13 14 15 16 17 18 19 20 21 22 23 |
---------------+----------------------------------------------------------------------+-----
Fighting       | 3 4 5 6 9 10 11 12 14 15 17 18 19 | 19.9
Dodging        | 3 4 5 0 |  0.0
Shields        | 3 4 5 6 7 9 10 11 12 14 | 14.0
Unarmed Combat | 3 4 5 7 10 11 13 14 17 19 20 | 20.4
Throwing       | 2 3 4 6 10 11 12 14 15 16 17 19 20 | 20.1
Armour         | 3 4 0 |  0.0

Action                   |  1- 3 |  4- 6 |  7- 9 | 10-12 | 13-15 | 16-18 | 19-21 | 22-24 || total
-------------------------+-------+-------+-------+-------+-------+-------+-------+-------++-------
Melee: Unarmed           |    69 |   150 |   204 |   660 |  1181 |   911 |   899 |   692 ||  4766
Throw: Stone             |       |     3 |     1 |       |       |       |       |       ||     4
       Boomerang         |       |       |       |    18 |   265 |   553 |   177 |   265 ||  1278
       Large rock        |       |       |       |    11 |    25 |   123 |    21 |    37 ||   217
       Dart              |       |       |       |       |     4 |     5 |       |     3 ||    12
       Throwing net      |       |       |       |       |     5 |     1 |       |     3 ||     9
       Javelin           |       |       |       |       |     8 |    13 |    60 |    25 ||   106
Invok: Sacrifice Arcana  |       |       |     1 |       |       |       |       |       ||     1
       Sacrifice Purity  |       |       |       |     1 |       |       |       |       ||     1
       Draw Out Power    |       |       |       |       |     3 |     4 |     1 |       ||     8
       Sacrifice Words   |       |       |       |       |     1 |       |       |       ||     1
       Sacrifice Nimblen |       |       |       |       |     1 |       |       |       ||     1
       Sacrifice Durabil |       |       |       |       |     1 |       |       |       ||     1
       Apocalypse        |       |       |       |       |     1 |     1 |       |       ||     2
Evoke: Wand              |       |       |     1 |     5 |    11 |     6 |     1 |       ||    24
       Phantom mirror    |       |       |       |     1 |     1 |     2 |       |       ||     4
  Use: Scroll            |       |     7 |     9 |     7 |     8 |    11 |     2 |     2 ||    46
       Potion            |       |       |       |     1 |     4 |     5 |     2 |       ||    12
 Stab: Petrified         |       |       |       |     1 |       |       |       |       ||     1
       Paralysed         |       |       |       |       |     6 |     6 |     3 |     2 ||    17
       Distracted        |       |       |       |       |     3 |     1 |     2 |     2 ||     8
       Invisible         |       |       |       |       |     4 |     9 |     7 |     3 ||    23
       Held in net/web   |       |       |       |       |     2 |       |       |       ||     2
Armor: Robe              |    14 |    64 |    72 |   159 |    98 |       |       |       ||   407
       Acid dragon scale |       |       |       |       |   160 |   332 |   109 |    95 ||   696
Dodge: Dodged            |    21 |    50 |    72 |   162 |   271 |   186 |    81 |    63 ||   906
Block: Kite shield       |    22 |    72 |    99 |   124 |       |       |       |       ||   317
       Tower shield      |       |       |       |   316 |  1187 |   984 |   794 |   651 ||  3932
